 Dungeon Crawl Stone Soup version 0.22-a0-533-g4d20840 (webtiles) character file.

2639 bassman1805 the Grappler (level 9, -6/93 HPs)
             Began as a Troll Monk on June 23, 2018.
             Killed by divine providence
             ... invoked by an orc priest
              (14 damage)
             ... on level 8 of the Dungeon.
             The game lasted 00:23:29 (6141 turns).

bassman1805 the Grappler (Troll Monk)               Turns: 6141, Time: 00:23:29

Health: -6/93      AC:  6    Str: 21    XL:     9   Next: 35%
Magic:  8/8        EV: 13    Int:  8    God:
Gold:   525        SH:  0    Dex: 15    Spells: 8/8 levels left

rFire    . . .     SeeInvis .     - Unarmed
rCold    . . .     Gourm    +   (no shield)
rNeg     + . .     Faith    .   a - +1 robe
rPois    .         Spirit   .   (helmet restricted)
rElec    .         Reflect  .   (no cloak)
rCorr    .         Harm     .   (gloves unavailable)
MR       .....                  (boots unavailable)
Stlth    ++........             (no amulet)
HPRegen  0.65/turn              k - +2 ring of intelligence
MPRegen  0.11/turn              f - ring of positive energy

@: no status effects
A: large, unfitting armour, claws 3, fast metabolism 3, gourmand, regeneration
1, shaggy fur 1, tough skin 2
a: no special abilities


You were on level 8 of the Dungeon.
You were not hungry.

You visited 2 branches of the dungeon, and saw 9 of its levels.

You collected 525 gold pieces.

Inventory:

Armour
 a - a +1 robe (worn)
Jewellery
 f - a ring of positive energy (right claw)
 i - an uncursed ring of wizardry
 k - a +2 ring of intelligence (left claw)
 s - an uncursed ring of wizardry
Wands
 t - a wand of polymorph (5)
 x - a wand of random effects (20)
Scrolls
 c - 2 scrolls of enchant weapon
 g - 2 scrolls of remove curse
 m - a scroll of fog
 n - 4 scrolls of teleportation
 p - a scroll of immolation
 q - a scroll of enchant armour
 u - 2 scrolls of magic mapping {unknown}
 v - 2 scrolls of identify
 w - a scroll of amnesia
Potions
 d - 2 potions of curing
 e - a potion of cancellation {unknown}
 h - a potion of heal wounds {unknown}
 j - 4 potions of berserk rage {unknown}
 l - a potion of agility {unknown}
 o - 3 potions of flight {unknown}
 r - a potion of magic {unknown}
 z - a potion of mutation {unknown}
Comestibles
 b - 17 rations


   Skills:
 * Level 7.0 Fighting
 + Level 5.4 Dodging
 - Level 1.7 Stealth
 * Level 8.5 Unarmed Combat


You had 8 spell levels left.
You didn't know any spells.
Your spell library contained the following spells:

 Spells                   Type           Power        Failure   Level  Hunger
 Summon Small Mammal      Summ           #...         41%         1    ##.....
 Summon Ice Beast         Ice/Summ       #.......     99%         4    #####..
 Call Imp                 Summ           #.......     54%         2    ###....
 Regeneration             Chrm/Necr      #.........   78%         3    ####...
 Call Canine Familiar     Summ           #.......     78%         3    ####...
 Shroud of Golubria       Chrm/Tloc      #.........   54%         2    ###....
 Infusion                 Chrm           #...         41%         1    ##.....
 Song of Slaying          Chrm           #.......     54%         2    ###....
 Spectral Weapon          Hex/Chrm       #.......     78%         3    ####...
 Summon Lightning Spire   Summ/Air       #.......     99%         4    #####..
 Summon Guardian Golem    Hex/Summ       #.......     78%         3    ####...


Dungeon Overview and Level Annotations

Branches:
Dungeon (8/15)             Temple (1/1) D:7
   Lair: D:8-11

Altars:
Ashenzari
Dithmenos
Fedhas
Hepliaklqana
Kikubaaqudgha
Makhleb
Nemelex Xobeh
Okawaru
Qazlal
Ru
Sif Muna
Trog
Uskayaw
Vehumet
Yredelemnul
Zin
The Shining One

Annotations:
D:2 1 exclusion


Innate Abilities, Weirdness & Mutations

You are too large for most types of armour.
You have claws for hands.
Your metabolism is lightning-fast.
You like to eat raw meat.
Your natural rate of healing is unusually fast.
You are covered in fur. (AC +1)
You have very tough skin. (AC +2)


Message History

Things that are here:
a short sword; 2 stones; a kobold corpse You scratch the ice beast.
The ice beast is lightly wounded.
The orc priest miscasts a cantrip.
The bullfrog hits you but does no damage.
The bullfrog closely misses you. The ice beast hits you.
* * * LOW HITPOINT WARNING * * *
The ice beast freezes you!
* * * LOW HITPOINT WARNING * * *
The orc priest invokes the aid of Beogh against you.
Beogh smites you!
* * * LOW HITPOINT WARNING * * *
The bullfrog closely misses you. The ice beast closely misses you.
The bullfrog misses you.
The orc priest mumbles some strange prayers to Beogh against you.
Beogh smites you!
You die...

###........#.........#
...........#.....(...#
..........†#.........#
#........)......[..##
#.......)))o..(.....#
#.........#.........#
#)..#######...F....)#
...### ##.oYF()))#
..## ≈###..@....# ..
≈≈.........## ..
.≈≈.....<.## ..
...≈..#......(# ..
≈..≈..###.....# ..
.≈≈... ......# ......
#.....# ≈.... #.....#
.....#


You could see an ice beast, 2 bullfrogs and 2 orc priests.

Vanquished Creatures
  An orc warrior (D:7)
  A necrophage (D:6)
  A sky beast (D:8)
  3 ice beasts
  2 centaurs
  A big kobold (D:8)
  A bullfrog (D:6)
  2 gnoll sergeants
  5 scorpions
  9 wights
  2 howler monkeys
  3 crimson imps
  A hound (D:7)
  A gnoll shaman (D:5)
  A jelly (D:4)
  4 orc priests
  5 orc wizards
  2 iguanas (D:7)
  4 worker ants
  A killer bee zombie (D:7)
  A hound skeleton (D:6)
  17 gnolls
  5 adders
  2 shadow imps
  An ooze (D:1)
  An adder zombie (D:5)
  4 worms
  An adder skeleton (D:5)
  2 dart slugs
  4 leopard geckos
  17 orcs
  9 bats
  2 bat zombies (D:2)
  4 giant cockroaches
  5 goblins
  11 hobgoblins
  8 jackals (D:4)
  7 kobolds
  2 quokkas
  2 ball pythons
  5 frilled lizards
  A quokka zombie (D:7)
  5 rats
  A rat zombie (D:2)
167 creatures vanquished.

Notes
Turn   | Place    | Note
-------+----------+-------------------------------------------
     0 | D:1      | bassman1805 the Troll Monk began the quest for the Orb.
     0 | D:1      | Reached XP level 1. HP: 22/22 MP: 0/0
   152 | D:1      | Reached XP level 2. HP: 29/29 MP: 1/1
   622 | D:1      | Reached XP level 3. HP: 20/36 MP: 2/2
  1112 | D:2      | Reached XP level 4. HP: 43/44 MP: 3/3
  1197 | D:2      | Found an ancient bone altar of Kikubaaqudgha.
  1649 | D:3      | Reached XP level 5. HP: 35/53 MP: 4/4
  1820 | D:3      | Reached skill level 4 in Unarmed Combat
  1902 | D:3      | Found a shattered altar of Ashenzari.
  2419 | D:4      | Found a sparkling altar of Nemelex Xobeh.
  2766 | D:4      | Noticed a moth of wrath
  2804 | D:4      | Found a bloodstained altar of Trog.
  2888 | D:4      | Reached XP level 6. HP: 61/61 MP: 5/5
  2948 | D:5      | Entered Level 5 of the Dungeon
  3035 | D:5      | Reached skill level 5 in Unarmed Combat
  3073 | D:5      | Noticed an ice beast
  3075 | D:5      | Noticed an ice beast
  3105 | D:5      | Killed an ice beast
  3105 | D:5      | Reached XP level 7. HP: 38/70 MP: 6/6
  3600 | D:5      | Reached skill level 6 in Unarmed Combat
  3611 | D:5      | Reached skill level 5 in Fighting
  4268 | D:6      | Reached XP level 8. HP: 64/80 MP: 7/7
  4617 | D:6      | Reached skill level 7 in Unarmed Combat
  4767 | D:6      | Found a burning altar of Makhleb.
  5088 | D:7      | Found a staircase to the Ecumenical Temple.
  5283 | D:7      | Reached skill level 5 in Dodging
  5293 | D:7      | Reached XP level 9. HP: 67/92 MP: 8/8
  5353 | D:7      | Reached skill level 8 in Unarmed Combat
  5740 | Temple   | Entered the Ecumenical Temple
  6141 | D:8      | Killed from afar by an orc priest

Vault maps used:
D:1:      lightli_arrival_quake
D:2:      lemuel_zombie_altar_kikubaaqudgha, first_ration
D:3:      cheibrodos_ashenzari_chains
D:4:      tgw_trog, nemelex_xobeh_ov_fountains_minmay
D:5:      wad_lake_hut
D:6:      makhleb_blood_cavern_becter
D:7:      minmay_temple_entry_trees
D:8:      cheibrodos_helix_gallery, kennysheep_little_box, enter_ossuary_5,
          dk_noncrumbling_3
Temple:   dpeg_chambers_temple

Skill      XL: |  1  2  3  4  5  6  7  8  9 |
---------------+----------------------------+-----
Fighting       | 3 4 5 6 7 |  7.0
Dodging        | 3 4 5 |  5.4
Unarmed Combat | 4 5 6 7 8 |  8.5
Stealth        | |  1.7

Action                   |  1- 3 |  4- 6 |  7- 9 || total
-------------------------+-------+-------+-------++-------
Melee: Unarmed           |    84 |   169 |   292 ||   545
       Punch             |     1 |     3 |     7 ||    11
  Use: Scroll            |       |     5 |     5 ||    10
 Stab: Sleeping          |     4 |     6 |     3 ||    13
       Distracted        |       |     1 |       ||     1
  Eat: Chunk             |    12 |    22 |    23 ||    57
Armor: Robe              |    19 |    50 |    56 ||   125
Dodge: Dodged            |    36 |   108 |   179 ||   323

Table legend:
 A = Spawn XP
 B = Non-spawn XP
 C = Spawn XP percentage of total XP
 D = Spawn monster count
 E = Non-spawn monster count
 F = Spawn count percentage of total count
 G = Total turns spent on level
                    A         B        C        D         E        F      G
               +---------+---------+-------+---------+---------+-------+---------
         Total |       0 |    3770 |   0.0 |       0 |     167 |   0.0 |  6141
               +---------+---------+-------+---------+---------+-------+---------
           D:1 |       0 |      47 |   0.0 |       0 |      17 |   0.0 |   704
           D:2 |       0 |      73 |   0.0 |       0 |      23 |   0.0 |   908
           D:3 |       0 |     104 |   0.0 |       0 |      16 |   0.0 |   466
           D:4 |       0 |     257 |   0.0 |       0 |      25 |   0.0 |   870
           D:5 |       0 |     863 |   0.0 |       0 |      30 |   0.0 |  1304
           D:6 |       0 |     850 |   0.0 |       0 |      20 |   0.0 |   741
           D:7 |       0 |    1041 |   0.0 |       0 |      22 |   0.0 |   791
           D:8 |       0 |     535 |   0.0 |       0 |      14 |   0.0 |   144
               +---------+---------+-------+---------+---------+-------+---------
